 Seeded DCSS version 0.31.0-32-g396128a36d (webtiles) character file.

Game seed: 7917441081668726286 (custom seed)

3603 greynaab the Summoner (level 9, -2/57 HPs)
             Began as a Mummy Summoner on Apr 23, 2024.
             Was a Follower of Makhleb.
             Slain by an orc warrior
             ... wielding a +0 hand axe
              (4 damage)
             ... in a bailey.
             The game lasted 00:30:44 (7990 turns).

greynaab the Summoner (Mummy Summoner)              Turns: 7990, Time: 00:30:44

Health: -2/57      AC:  5    Str: 12    XL:     9   Next: 86%
Magic:  6/16       EV: 12    Int: 18    God:    Makhleb [*.....]
Gold:   359        SH:  0    Dex: 12    Spells: 3/18 levels left

rFire   + . .        k - staff of fire
rCold   + . .        (no shield)
rNeg    + + +        o - +2 robe {rF+}
rPois   ∞            i - +1 hat
rElec   .            (no cloak)
rCorr   .            (no gloves)
SInv    .            (no boots)
Will    ++...        (no amulet)
Stlth   ++           e - ring of flight
HPRegen 0.29/turn    n - ring of willpower
MPRegen 0.15/turn

%: faith
@: flying, studying Long Blades
A: cold resistance 1, negative energy resistance 3, torment resistance 2, heat
vulnerability 1, in touch with death 1, no potions, faith
a: Renounce Religion


You were in a bailey.
You worshipped Makhleb.
Makhleb was aware of your devotion.
You visited 2 branches of the dungeon, and saw 8 of its levels.
You also visited: Sewer and Bailey.

You collected 359 gold pieces.

Inventory:

Hand Weapons
 l - a +3 falchion
Missiles
 f - 9 poisoned darts
Armour
 i - a +1 hat (worn)
 o - a +2 robe of fire resistance (worn)
 t - an orb of energy
Magical Staves
 k - a staff of fire (weapon)
Jewellery
 e - a ring of flight (left hand)
 j - an amulet of guardian spirit
 n - a ring of willpower (right hand)
 r - an amulet of regeneration
Wands
 c - a wand of flame (17)
 p - a wand of polymorph (6)
 u - a wand of charming (13)
Scrolls
 a - 2 scrolls of revelation {unknown}
 b - a scroll of fear
 d - 2 scrolls of enchant weapon
 g - 6 scrolls of teleportation {unknown}
 h - a scroll of amnesia
 m - 3 scrolls of summoning {unknown}
 s - a scroll of identify
 v - a scroll of enchant armour {unknown}
 w - a scroll of fog {unknown}
Potions
 q - a potion of haste {unknown}
 x - 2 potions of might {unknown}
 z - a potion of brilliance {unknown}
 A - a potion of mutation {unknown}


   Skills:
 - Level 1.5 Dodging
 - Level 1.5 Stealth
 - Level 5.0 Spellcasting
 * Level 12.0 Summonings


You had 3 spell levels left.
You knew the following spells:

 Your Spells              Type           Power      Damage    Failure   Level
a - Summon Small Mammal   Summ           100%       N/A       1%          1
b - Call Canine Familiar  Summ           47%        N/A       1%          3
c - Summon Ice Beast      Ice/Summ       26%        N/A       3%          3
d - Summon Lightning Spi  Summ/Air       26%        N/A       11%         4
e - Summon Blazeheart Go  Fire/Summ      39%        N/A       11%         4

Your spell library contained the following spells:

 Spells                   Type           Power      Damage    Failure   Level
 Call Imp                 Summ           94%        N/A       1%          2
 Magic Dart               Conj           16%        1d3       13%         1
 Sting                    Conj/Alch      16%        1d4       13%         1
 Ensorcelled Hibernation  Hex/Ice        8%         N/A       21%         2
 Mercury Vapours          Alch/Air       8%         N/A       21%         2
 Searing Ray              Conj           8%         2d4       21%         2
 Dazzling Flash           Conj/Hex       8%         N/A       36%         3
 Passwall                 Erth           4%         N/A       36%         3
 Swiftness                Air            4%         N/A       36%         3
 Volatile Blastmotes      Fire/Tloc      12%        2d11      36%         3
 Summon Mana Viper        Hex/Summ       26%        N/A       30%         5
 Monstrous Menagerie      Summ           23%        N/A       63%         7
 Cause Fear               Hex            2%         N/A       78%         4
 Fulminant Prism          Conj/Alch      2%         3d5       78%         4
 Olgreb's Toxic Radiance  Alch           4%         N/A       78%         4
 Fireball                 Conj/Fire      3%         3d4       98%         5
 Starburst                Conj/Fire      3%         6d3       100%        6
 Maxwell's Capacitive Co  Air            2%         ∞         100%        8
 Dragon's Call            Summ           23%        N/A       100%        9


Dungeon Overview and Level Annotations

Branches:
Dungeon (7/15) Zot: 26898  Temple (1/1) D:6 Zot: 5961   Sewer (visited)
 Bailey (1/1) Zot: 4998

Altars:
Ashenzari
Cheibriados
Dithmenos
Fedhas
Gozag
Hepliaklqana
Kikubaaqudgha
Makhleb
Nemelex Xobeh
Okawaru
Ru
Sif Muna
Trog
Uskayaw
Vehumet
Wu Jian
Xom
Yredelemnul

Annotations:
D:5 5 runed translucent doors


Innate Abilities, Weirdness & Mutations

You are immune to poison.
Your flesh is cold resistant. (rC+)
You are immune to negative energy. (rN+++)
You are immune to unholy pain and torment.
You are vulnerable to heat. (rF-)
You are in touch with the powers of death.
You do not drink.
You have a special connection with the divine. (Faith)


Message History

A chill wind blows around you. The orc warrior completely misses you.
The orc warrior hits your lightning spire but does no damage.
The orc warrior hits your ice beast but does no damage.
You closely miss the orc warrior.
The orc warrior is moderately wounded.
The orc warrior hits you with a +0 hand axe.
The orc warrior hits your lightning spire but does no damage.
The orc warrior hits your ice beast with a +0 hand axe.
Your lightning spire shoots out a bolt of lightning at the orc warrior!
The bolt of electricity hits the orc warrior!
Your ice beast hits the orc warrior but does no damage.
You barely miss the orc warrior.
The orc warrior is heavily wounded.
The orc warrior hits you with a +0 hand axe.
The orc warrior hits your lightning spire but does no damage.
The orc warrior hits your ice beast with a +0 hand axe.
Your ice beast barely misses the orc warrior.
You hit the orc warrior but do no damage.
The orc warrior is heavily wounded.
The orc warrior hits you with a +0 hand axe!
* * * LOW HITPOINT WARNING * * *
The orc warrior hits your lightning spire but does no damage.
The orc warrior closely misses your ice beast.
Your ice beast barely misses the orc warrior.
The orc warrior hits you with a +0 hand axe!
* * * LOW HITPOINT WARNING * * *
The orc warrior barely misses your lightning spire.
The orc warrior hits your ice beast with a +0 hand axe.
Your magical contamination has completely faded away.
Unknown command.
As you read the scroll of fear, it crumbles to dust.
You assume a fearsome visage.
The orc warrior looks frightened!
Your lightning spire shoots out a bolt of lightning at the orc warrior!
The bolt of electricity hits the orc warrior!
Your lightning spire's attack snaps the orc warrior out of its fear.
Your ice beast misses the orc warrior.
The orc warrior hits your lightning spire with a +0 hand axe.
The orc warrior hits your ice beast with a +0 hand axe!
The orc warrior hits you with a +0 hand axe.
You die...

###.....### ###.....###
##.........###)........##
#...........#...........#
#...........')..........#
#.....⌠..)).#[....⌠.....#
#...........#...........#
#...........#.....).....#
##[).......###.Yo..)...###
.#'#.....###
###@8...#'#.### .[)###.###
###.###.....### .)...###
###.........## ..)...#
#8..........# ......#
.#8..........# ⌠.....#
.'.....⌠....∩# ......#
..#8..........# ......#
.##8..........# )))..###
##.........##


You could see an orc warrior (distracted, ally target), a friendly lightning
spire (summoned) and a friendly ice beast (summoned).

Vanquished Creatures
  An orc knight (Bailey)
  Duvessa (D:6)
  An orc warrior (D:3)
  A wight (D:6)
  An adder (D:2)
  3 orcs (D:3)
  3 giant cockroaches
  7 goblins
  3 quokkas
  3 ball pythons
  4 frilled lizards
  3 kobolds
  2 rats (D:2)
33 creatures vanquished.

Vanquished Creatures (collateral kills)
  Pikel (D:6)
  A water moccasin (D:5)
  Pargi (Sewer)
  A black bear (D:4)
  5 orc warriors (Bailey)
  5 ogres
  A phantom (D:5)
  A centaur (D:5)
  A lemure (D:6)
  A bullfrog (D:7)
  Blork the orc (D:5)
  5 wights
  Dowan (D:6)
  A nameless horror (Bailey)
  A bombardier beetle (D:6)
  A howler monkey (D:6)
  5 hounds
  2 orc priests
  2 sleepcaps
  3 iguanas
  3 orc wizards
  2 adders
  6 gnolls (Bailey)
  2 white imps
  A dart slug (D:4)
  2 ribbon worms (D:2)
  19 orcs
  4 ball pythons
  A bat (D:3)
  3 endoplasms
  A giant cockroach (D:3)
  11 goblins
  7 hobgoblins
  2 jackals (Sewer)
  2 kobolds
  5 quokkas
  2 rats (D:1)
113 creatures vanquished.

Vanquished Creatures (others)
  An iguana (D:5)
  3 blazeheart cores (Bailey)
4 creatures vanquished.

Grand Total: 150 creatures vanquished

Notes
Turn   | Place    | Note
-------+----------+-------------------------------------------
     0 | D:1      | greynaab the Mummy Summoner began the quest for the Orb.
     0 | D:1      | Reached XP level 1. HP: 13/13 MP: 4/4
   539 | D:1      | Found a faded altar of an unknown god.
   539 | D:1      | Noticed a glass eye
   548 | D:1      | Reached XP level 2. HP: 17/19 MP: 3/6
   582 | D:1      | Noticed an eye of devastation
   582 | D:1      | Noticed a glass eye
   582 | D:1      | Noticed an eye of devastation
  1425 | D:2      | Reached XP level 3. HP: 24/24 MP: 7/7
  1429 | D:2      | Learned a level 3 spell: Call Canine Familiar
  1758 | D:2      | Reached skill level 4 in Summonings
  1844 | D:3      | Found a glowing drain.
  1880 | Sewer    | Entered a sewer
  1895 | Sewer    | Learned a level 3 spell: Summon Ice Beast
  2063 | Sewer    | Noticed Pargi
  2074 | Sewer    | Killed Pargi
  2075 | Sewer    | Reached XP level 4. HP: 30/30 MP: 2/10
  2075 | Sewer    | Reached XP level 5. HP: 35/35 MP: 2/11
  2273 | D:3      | Noticed an orc warrior
  2340 | D:3      | Found a radiant altar of Vehumet.
  2629 | D:3      | Reached skill level 5 in Summonings
  2728 | D:4      | Noticed a black bear
  2756 | D:4      | Killed a black bear
  2757 | D:4      | Reached skill level 5 in Spellcasting
  2757 | D:4      | Reached XP level 6. HP: 20/41 MP: 1/13
  2948 | D:4      | Learned a level 4 spell: Summon Lightning Spire
  3601 | D:4      | Reached skill level 6 in Summonings
  4389 | D:3      | Killed an orc warrior
  4390 | D:3      | Reached XP level 7. HP: 37/46 MP: 6/14
  4576 | D:5      | Entered Level 5 of the Dungeon
  4728 | D:5      | Reached skill level 7 in Summonings
  4733 | D:5      | Learned a level 4 spell: Summon Blazeheart Golem
  5079 | D:5      | Reached skill level 8 in Summonings
  5079 | D:5      | Reached XP level 8. HP: 52/52 MP: 12/15
  5103 | D:5      | Found a runed translucent door.
  5115 | D:5      | Noticed Blork the orc
  5128 | D:5      | Killed Blork the orc
  5188 | D:5      | Found a runed translucent gate.
  5188 | D:5      | Found a runed translucent gate.
  5188 | D:5      | Found a runed translucent gate.
  5196 | D:5      | Found a runed translucent door.
  5203 | D:5      | Found the +9 staff of Olgreb {rPois∞}
  5855 | D:6      | Reached skill level 9 in Summonings
  5889 | D:6      | Noticed Pikel
  5916 | D:6      | Killed Pikel
  5917 | D:6      | Reached skill level 10 in Summonings
  5917 | D:6      | Reached XP level 9. HP: 57/57 MP: 3/16
  6329 | D:6      | Found a staircase to the Ecumenical Temple.
  6338 | Temple   | Entered the Ecumenical Temple
  6357 | Temple   | Became a worshipper of Makhleb the Destroyer
  6466 | D:6      | Noticed Duvessa
  6472 | D:6      | Noticed Dowan
  6482 | D:6      | Killed Dowan
  6507 | D:6      | Killed Duvessa
  6951 | D:7      | Found a flagged portal.
  6994 | Bailey   | Entered a bailey
  7055 | Bailey   | Reached skill level 11 in Summonings
  7171 | Bailey   | Reached * piety under Makhleb
  7610 | Bailey   | Noticed an orc knight
  7729 | Bailey   | Killed an orc knight
  7730 | Bailey   | Reached skill level 12 in Summonings
  7990 | Bailey   | Slain by an orc warrior

Illustrated notes

Levels and vault maps discovered:
D:1:      ncdulo_wetmaze, layout_basic, hellmonk_ecumenical_altar_watching_god,
          hangedman_feature_mirror, chequers_serial_rivers_small_a
D:2:      minmay_door_path, layout_loops_ring
D:3:      layout_basic, mainiacjoe_overflow_alcove_1, portal_sewer_entry_f,
          dreamdust_mushroom_princess
D:4:      layout_loops_ring
D:5:      layout_basic, minmay_guarded_unrand_staff_of_olgreb,
          uniq_blork_the_orc
D:6:      layout_loops_ring, minmay_temple_entry_glass, uniq_pikel, uniq_duvessa
D:7:      layout_basic, enter_bailey_6
Temple:   nicolae_temple_slightly_damp_pantheon
Bailey:   bailey_axe_minmay_hex_keep, bailey

Skill      XL: |  1  2  3  4  5  6  7  8  9 |
---------------+----------------------------+-----
Spellcasting   | 3 4 5 |  5.0
Summonings     | 4 5 6 8 10 12 | 12.0
Dodging        | |  1.5
Stealth        | |  1.5

Action                     |  1- 3 |  4- 6 |  7- 9 || total
---------------------------+-------+-------+-------++-------
  Melee: Dagger            |    50 |       |       ||    50
         Falchion          |    28 |    18 |       ||    46
         Staff             |       |       |    38 ||    38
         Punch             |       |       |     2 ||     2
  Throw: Dart              |     5 |       |       ||     5
   Cast: Summon Small Mamm |    48 |     1 |       ||    49
         Call Canine Famil |     3 |    16 |    22 ||    41
         Summon Ice Beast  |     2 |    24 |    31 ||    57
         Summon Lightning  |       |       |    20 ||    20
         Summon Blazeheart |       |       |     6 ||     6
  Evoke: Wand              |       |     3 |     4 ||     7
    Use: Scroll            |       |     4 |     2 ||     6
   Stab: Sleeping          |     1 |     1 |       ||     2
         Distracted        |       |       |     1 ||     1
 Armour: Robe              |    12 |    23 |    42 ||    77
         Leather armour    |    31 |       |       ||    31
  Dodge: Dodged            |    36 |    20 |    40 ||    96
